General information
- name: BNet
- type: Ladder 1vs1/FFA
- host: Battle.net
- saver: Dr.FrasierCrane
map: TidewaterGlades
- players: 2
- length: 92:07
- speed: Fast
- version: 1.26 W3XP
- replay type: Public
» download(233 KB)
Players
team 1 (loser)
azzinoth77 (
purple | 41 APM | 3787 actions | 92:05)
4 Blademaster
2 Critical Strike
2 Wind Walk
3 Shadow Hunter
1 Hex
2 Healing Wave
2 Tauren Chieftain
1 Endurance Aura
1 War Stomp
» actions
| Assign group hotkey | 46 | |
| Basic commands | 13 | |
| Build / train | 122 | |
| ESC pressed | 18 | |
| Enter build submenu | 81 | |
| Enter hero's abilities submenu | 9 | |
| Give item / drop item | 5 | |
| Right click | 1242 | |
| Select / deselect | 783 | |
| Select group hotkey | 1295 | |
| Use ability | 173 | |
3787 total
» units
| Peon | 49 | |
| Troll Headhunter/Berserker | 8 | |
| Wind Rider | 15 | |
| Spirit Walker | 1 | |
| Raider | 5 | |
| Troll Witch Doctor | 3 | |
| Shaman | 1 | |
| Kodo Beast | 1 | |
| Goblin Zeppelin | 1 | |
84 total
» upgrades
| Ranged Weapons | 3 | |
| Armor | 3 | |
| Troll Regeneration | 1 | |
| Spirit Walker Training | 2 | |
| Berserker Upgrade | 1 | |
| Envenomed Spears | 1 | |
| Witch Doctor Training | 2 | |
| Shaman Training | 2 | |
| Melee Weapons | 2 | |
| War Drums Damage Increase | 1 | |
18 total
» buildings
| Orc Burrow | 40 | |
| Altar of Storms | 2 | |
| War Mill | 2 | |
| Barracks | 1 | |
| Stronghold | 2 | |
| Voodoo Lounge | 2 | |
| Watch Tower | 12 | |
| Spirit Lodge | 5 | |
| Fortress | 2 | |
| Beastiary | 4 | |
72 total
» build order
00:12 Orc Burrow
00:26 Altar of Storms
01:22 War Mill
01:43 Barracks
02:12 Orc Burrow
03:16 Orc Burrow
03:58 Stronghold
04:58 Voodoo Lounge
05:20 Orc Burrow
06:36 Watch Tower
07:44 Watch Tower
09:38 Spirit Lodge
09:45 Orc Burrow
09:56 Fortress
11:42 Beastiary
11:51 Beastiary
12:05 Orc Burrow
15:23 Watch Tower
16:18 Watch Tower
18:24 Orc Burrow
18:28 Orc Burrow
22:55 Orc Burrow
22:57 Orc Burrow
25:08 Orc Burrow
25:14 Orc Burrow
26:20 Orc Burrow
26:20 Orc Burrow
27:42 Orc Burrow
28:45 Orc Burrow
32:20 Orc Burrow
32:37 Orc Burrow
32:50 Orc Burrow
34:10 Orc Burrow
37:36 Orc Burrow
38:55 Orc Burrow
40:14 Orc Burrow
40:43 Orc Burrow
41:45 Orc Burrow
47:36 Orc Burrow
49:36 Watch Tower
50:42 Watch Tower
50:50 Watch Tower
51:13 Watch Tower
51:52 Orc Burrow
51:57 Orc Burrow
52:06 Orc Burrow
52:27 Watch Tower
52:56 Orc Burrow
54:02 Orc Burrow
54:09 Orc Burrow
54:42 Watch Tower
55:19 Watch Tower
55:28 Watch Tower
56:50 Orc Burrow
56:56 Orc Burrow
57:12 Stronghold
57:59 Orc Burrow
61:58 Voodoo Lounge
62:09 Beastiary
66:46 War Mill
70:05 Spirit Lodge
70:10 Spirit Lodge
70:22 Altar of Storms
72:04 Fortress
78:50 Spirit Lodge
78:54 Spirit Lodge
79:07 Beastiary
80:48 Orc Burrow
80:51 Orc Burrow
80:54 Orc Burrow
80:59 Orc Burrow
83:16 Orc Burrow
» items
team 2 (winner)
Dr.FrasierCrane (
blue | 53 APM | 4846 actions | 92:07)
6 Archmage
3 Blizzard
2 Brilliance Aura
1 Mass Teleport
6 Blood Mage
3 Flame Strike
3 Banish
» actions
| Assign group hotkey | 88 | |
| Basic commands | 229 | |
| Build / train | 176 | |
| ESC pressed | 4 | |
| Enter build submenu | 112 | |
| Enter hero's abilities submenu | 13 | |
| Give item / drop item | 23 | |
| Right click | 1691 | |
| Select / deselect | 1375 | |
| Select group hotkey | 526 | |
| Use ability | 608 | |
4846 total
» units
| Peasant | 18 | |
| Gryphon Rider | 5 | |
| Goblin Shredder | 2 | |
| Sorceress | 3 | |
| Goblin Zeppelin | 1 | |
| Priest | 1 | |
| Dragonhawk Rider | 10 | |
| Siege Engine | 5 | |
45 total
» upgrades
| Swords | 3 | |
| Storm Hammers | 1 | |
| Magic Sentry | 1 | |
| Masonry | 3 | |
| Armor | 3 | |
| Sorceress Training | 2 | |
| Animal War Training | 1 | |
| Cloud | 1 | |
| Plating | 3 | |
| Gunpowder | 3 | |
| Priest Training | 2 | |
| Barrage | 1 | |
24 total
» buildings
| Altar of Kings | 1 | |
| Farm | 11 | |
| Arcane Vault | 3 | |
| Scout Tower | 112 | |
| Lumber Mill | 1 | |
| Arcane Tower | 9 | |
| Keep | 1 | |
| Blacksmith | 1 | |
| Guard Tower | 49 | |
| Gryphon Aviary | 4 | |
| Castle | 1 | |
| Arcane Sanctum | 1 | |
| Town Hall | 4 | |
| Barracks | 1 | |
| Workshop | 2 | |
201 total
» build order
00:05 Altar of Kings
00:34 Farm
00:50 Arcane Vault
01:02 Scout Tower
01:15 Farm
01:21 Lumber Mill
02:03 Arcane Tower
02:47 Keep
02:56 Scout Tower
02:57 Scout Tower
03:29 Farm
03:32 Blacksmith
03:34 Guard Tower
03:47 Farm
03:50 Scout Tower
04:30 Guard Tower
05:09 Gryphon Aviary
05:11 Castle
06:47 Gryphon Aviary
06:50 Farm
08:44 Farm
09:01 Farm
09:30 Scout Tower
09:31 Scout Tower
09:36 Farm
10:38 Arcane Sanctum
10:40 Guard Tower
12:10 Farm
12:45 Scout Tower
12:45 Scout Tower
12:46 Scout Tower
12:47 Scout Tower
12:47 Scout Tower
12:48 Scout Tower
13:07 Town Hall
13:13 Scout Tower
13:13 Scout Tower
13:46 Guard Tower
14:11 Guard Tower
14:12 Guard Tower
14:16 Arcane Tower
15:08 Scout Tower
15:09 Scout Tower
15:13 Barracks
16:08 Arcane Tower
16:08 Guard Tower
19:37 Scout Tower
19:38 Scout Tower
21:26 Guard Tower
21:31 Scout Tower
21:32 Scout Tower
22:38 Scout Tower
22:39 Scout Tower
22:40 Scout Tower
22:40 Scout Tower
22:41 Scout Tower
22:48 Scout Tower
23:04 Arcane Tower
23:08 Guard Tower
23:11 Guard Tower
23:14 Guard Tower
23:19 Scout Tower
23:19 Scout Tower
23:20 Scout Tower
23:21 Scout Tower
23:24 Guard Tower
23:24 Guard Tower
23:49 Guard Tower
23:52 Guard Tower
24:37 Guard Tower
24:39 Town Hall
25:00 Scout Tower
25:03 Scout Tower
25:58 Guard Tower
26:00 Guard Tower
26:04 Scout Tower
26:54 Arcane Tower
28:31 Scout Tower
28:32 Scout Tower
28:32 Scout Tower
28:37 Scout Tower
28:38 Scout Tower
28:39 Scout Tower
29:37 Guard Tower
31:17 Guard Tower
33:56 Arcane Vault
35:58 Scout Tower
36:22 Scout Tower
36:23 Scout Tower
37:40 Scout Tower
37:40 Scout Tower
37:41 Scout Tower
37:42 Scout Tower
37:42 Scout Tower
37:43 Scout Tower
37:50 Scout Tower
37:51 Scout Tower
37:53 Scout Tower
37:53 Scout Tower
38:36 Guard Tower
38:38 Guard Tower
39:01 Arcane Tower
39:01 Arcane Tower
39:03 Guard Tower
39:07 Town Hall
39:10 Scout Tower
39:11 Scout Tower
39:48 Guard Tower
40:15 Scout Tower
40:36 Scout Tower
40:37 Scout Tower
40:51 Scout Tower
40:52 Scout Tower
41:04 Guard Tower
41:12 Guard Tower
41:14 Guard Tower
41:16 Scout Tower
41:17 Scout Tower
41:19 Guard Tower
41:51 Guard Tower
41:57 Scout Tower
41:58 Scout Tower
41:59 Scout Tower
41:59 Scout Tower
42:00 Scout Tower
42:01 Scout Tower
42:54 Arcane Tower
42:56 Arcane Tower
42:56 Guard Tower
42:57 Guard Tower
43:31 Guard Tower
43:34 Town Hall
43:44 Guard Tower
44:18 Arcane Vault
44:20 Farm
51:05 Scout Tower
51:05 Scout Tower
51:06 Scout Tower
51:15 Scout Tower
51:16 Scout Tower
51:17 Scout Tower
51:49 Scout Tower
51:50 Scout Tower
51:51 Scout Tower
51:59 Scout Tower
52:01 Scout Tower
52:03 Scout Tower
52:12 Scout Tower
52:15 Scout Tower
52:45 Guard Tower
53:36 Guard Tower
54:07 Guard Tower
54:09 Scout Tower
54:38 Guard Tower
54:46 Scout Tower
54:53 Scout Tower
55:09 Scout Tower
55:10 Scout Tower
55:17 Guard Tower
55:23 Scout Tower
55:30 Guard Tower
55:58 Guard Tower
56:57 Scout Tower
56:59 Scout Tower
57:44 Scout Tower
57:45 Scout Tower
57:48 Scout Tower
57:49 Scout Tower
57:50 Scout Tower
57:50 Scout Tower
57:51 Scout Tower
57:52 Scout Tower
58:03 Guard Tower
59:50 Gryphon Aviary
60:14 Guard Tower
60:18 Workshop
60:19 Workshop
60:23 Gryphon Aviary
64:30 Scout Tower
66:20 Scout Tower
66:37 Farm
67:18 Guard Tower
67:23 Scout Tower
67:29 Scout Tower
67:32 Scout Tower
68:26 Guard Tower
68:28 Scout Tower
69:32 Guard Tower
69:35 Scout Tower
71:06 Scout Tower
71:08 Scout Tower
71:11 Scout Tower
71:15 Scout Tower
73:21 Guard Tower
74:24 Scout Tower
74:40 Scout Tower
74:43 Scout Tower
74:46 Scout Tower
75:09 Guard Tower
75:10 Guard Tower
75:33 Guard Tower
» items
| Lesser Clarity Potion | 6 | |
| Scroll of Regeneration | 10 | |
| Staff of Teleportation | 2 | |
| Potion of Healing | 4 | |
| Staff of Sanctuary | 2 | |
| Potion of Invisibility | 2 | |
| Boots of Speed | 2 | |
| Periapt of Vitality | 1 | |
| Ivory Tower | 3 | |
| Scroll of Town Portal | 1 | |
33 total
Chat log
(00:30 / All) azzinoth77: sup
(75:53 / All) Dr.FrasierCrane: gg...
(75:56 / All) azzinoth77: gg
(79:34 / All) azzinoth77: will you leave already?
(79:43 / All) Dr.FrasierCrane: you mean i didnt win?
(79:54 / All) azzinoth77: no.
(79:59 / All) Dr.FrasierCrane: aw :(
(84:44 / All) Dr.FrasierCrane: so whats the plan
(84:52 / All) Dr.FrasierCrane: just curious
(84:59 / All) Dr.FrasierCrane: kodos? really?
(85:11 / All) Dr.FrasierCrane: any thought behind that plan?
(86:02 / All) Dr.FrasierCrane: did you think kodos can fly?
(86:31 / All) Dr.FrasierCrane: "Well I think I seen about ev-ry-thang, til I saw a kodo beast flyyyyy!"
(86:43 / All) Dr.FrasierCrane: you probably dont get that reference
(87:28 / All) Dr.FrasierCrane: bring your army back to your base
(87:32 / All) Dr.FrasierCrane: im gonna attack it!!!11
(88:04 / All) Dr.FrasierCrane: HURRY
(88:05 / All) Dr.FrasierCrane: too late
(88:11 / All) Dr.FrasierCrane: its those flying kodo beasts
(88:14 / All) Dr.FrasierCrane: they slowed you down
(89:45 / All) Dr.FrasierCrane: thats a good plan.
(89:47 / All) Dr.FrasierCrane: you think itll work
(90:20 / All) Dr.FrasierCrane: wont help
(90:38 / All) Dr.FrasierCrane: oh snap